Map: Dragon Scales LE

Players

threekittens

  • Race: Protoss Protoss
  • League: Gold
  • Spawn Location: 11:00

llllllllllll - Winner!

  • Race: Zerg Zerg
  • Spawn Location: 5:00

VOD

Have the link to the VOD?

Description

Time

  • Played on: Feb. 9, 2023, 1:46 p.m.
  • Length: 8:34
Show
View Real Time Build Order
Export as new Build Order

threekittens Protoss 

Build Orders:  

Get SALT Encoding   

  12  0:00  Probe  
  13  0:12  Probe  
  14  0:21  Pylon  
  14  0:24  Probe  
  15  0:39  Probe (Chrono Boost)  
  15  0:40  Gateway  
  16  0:45  Assimilator  
  17  0:50  Probe (Chrono Boost)  
  17  0:59  Probe  
  18  1:12  Pylon  
  18  1:14  Probe  
  19  1:26  Probe  
  20  1:34  Cybernetics Core  
  20  1:38  Probe (Chrono Boost)  
  21  1:50  Probe (Chrono Boost)  
  22  1:58  Nexus  
  22  2:02  Assimilator  
  22  2:11  Probe, Stalker (Chrono Boost)  
  25  2:20  Warp Gate  
  25  2:24  Forge  
  25  2:25  Probe  
  26  2:37  Sentry  
  27  2:46  Probe  
  27  2:50  Robotics Facility  
  28  2:59  Probe  
  29  3:11  Probe  
  29  3:12  Shield Battery  
  30  3:15  Gateway  
  30  3:18  Probe  
  31  3:27  Gateway, Sentry  
  31  3:29  Gateway  
  33  3:44  Warp Prism  
  35  3:51  Probe  
  35  3:52  Probe  
  37  4:04  Probe x2  
  39  4:14  Photon Cannon, Sentry  
  39  4:16  Stalker  
  43  4:22  Pylon  
  43  4:30  Pylon  
  43  4:37  Gateway  
  43  5:00  Zealot x2  
  43  5:01  Zealot  
  49  5:12  Stalker  
  51  5:15  Probe  
  51  5:16  Probe  
  53  5:26  Pylon  
  53  5:27  Probe  
  54  5:39  Zealot x2, Stalker  
  54  5:40  Stalker  
  62  5:56  Zealot  
  64  6:04  Zealot x3  
  66  6:13  Stalker  
  66  6:22  Stalker  
  68  6:25  Pylon  
  68  6:36  Zealot  
  70  6:43  Pylon  
  58  7:00  Probe x2  
  54  7:02  Assimilator  
  54  7:05  Assimilator  
  54  7:07  Robotics Bay  
  52  7:10  Pylon  
  52  7:12  Probe  
  52  7:14  Zealot  
  52  7:15  Zealot  
  55  7:16  Sentry  
  55  7:17  Stalker  
  55  7:21  Probe  
  60  7:24  Probe  
  60  7:26  Pylon  
  61  7:33  Probe  
  61  7:36  Probe  
  63  7:38  Zealot x2  
  63  7:39  Zealot  
  61  7:45  Probe  
  61  7:50  Zealot  
  39  8:02  Photon Cannon, Stalker x3  
  39  8:03  Photon Cannon  
  35  8:22  Pylon  
Show
View Real Time Build Order
Export as new Build Order

llllllllllll Zerg - Winner!

Build Orders: Hatch First 

Get SALT Encoding   

  12  0:01  Drone  
  13  0:08  Drone  
  13  0:14  Extractor  
  13  0:15  Drone  
  15  0:22  Overlord  
  16  0:42  Drone  
  16  0:43  Drone  
  16  0:48  Drone  
  18  0:58  Drone  
  18  1:03  Hatchery  
  18  1:08  Extractor  
  17  1:14  Spawning Pool  
  17  1:17  Drone  
  17  1:20  Drone  
  18  1:27  Drone  
  19  1:39  Drone  
  20  2:10  Zergling x2  
  20  2:11  Zergling x2  
  20  2:14  Queen  
  24  2:19  Hatchery  
  23  2:32  Drone x4  
  23  2:37  Overlord  
  27  2:40  Metabolic Boost  
  27  2:54  Queen  
  29  3:02  Drone x5  
  29  3:05  Overlord  
  34  3:10  Lair  
  35  3:20  Drone x2  
  36  3:29  Drone  
  36  3:30  Drone x4  
  36  3:33  Extractor x2  
  39  3:41  Drone x3  
  42  3:51  Evolution Chamber x2  
  42  3:53  Drone x2  
  42  3:54  Drone x2  
  44  4:06  Extractor  
  43  4:13  Hydralisk Den  
  43  4:14  Hydralisk Den  
  41  4:18  Drone x2  
  41  4:19  Drone x7  
  41  4:22  Overlord  
  50  4:29  Zerg Missile Weapons Level 1  
  50  4:35  Zerg Ground Armor Level 1  
  50  4:44  Drone x6  
  58  5:04  Zergling x6  
  57  5:12  Spine Crawler  
  57  5:13  Spine Crawler  
  55  5:16  Grooved Spines, Muscular Augments  
  55  5:18  Hydralisk  
  55  5:20  Overlord  
  55  5:21  Overlord  
  54  5:42  Zergling x14  
  61  5:43  Zergling x4  
  59  5:58  Hydralisk x5  
  49  6:23  Hydralisk x3  
  48  6:25  Zergling x2  
  48  6:26  Zergling x8  
  50  6:36  Drone x2  
  51  6:48  Hydralisk  
  52  7:01  Hydralisk  
  54  7:19  Hydralisk x4  
  54  7:22  Hatchery  
  56  7:39  Hydralisk x2  
  57  7:44  Hydralisk  
  57  7:45  Hydralisk  
  61  8:00  Overlord x2  
  61  8:15  Zergling x2  
  61  8:16  Zergling x4  
Tags
 
League
Gold
Matchup
PvZ
Spawn Locations
Cross Positions
Add a new tag
Caveats
  • Supply blocks, unpowered buildings, or Contaminate may cause inaccurate times.
  • Supply counts are checked every 10 seconds.